 Dungeon Crawl Stone Soup version 0.30-a0-870-gc5d4c5acee (webtiles) character file.

Game seed: 3503148848175371584

1022 Grim the Cleaver (level 8, -1/58 HPs)
             Began as a Formicid Fighter on Mar 11, 2023.
             Was an Initiate of Gozag.
             Slain by Pikel
             ... wielding a +0 whip of electrocution
              (19 damage)
             ... on level 5 of the Dungeon.
             The game lasted 00:11:46 (5121 turns).

Grim the Cleaver (Formicid Fighter)                 Turns: 5121, Time: 00:11:47

Health: -1/58      AC:  6    Str: 22    XL:     8   Next: 46%
Magic:  8/8        EV: 24    Int:  9    God:    Gozag
Gold:   352        SH:  5    Dex: 13    Spells: 7/7 levels left

rFire   . . .      SeeInvis +    a - +0 war axe
rCold   . . .      Faith    .    c - +0 buckler
rNeg    . . .      Spirit   .    r - +0 scale mail
rPois   +          Reflect  .    (helmet unavailable)
rElec   .          Rampage  .    (no cloak)
rCorr   .                        (no gloves)
Will    +....                    (no boots) Stlth
                                 k - amulet of the acrobat
HPRegen 0.29/turn                l - ring of willpower
MPRegen 0.11/turn                s - ring of poison resistance

@: acrobatic
A: permanent stasis, dig shafts and tunnels, antennae 3, four strong arms
a: Dig, Shaft Self, Renounce Religion, Potion Petition, Call Merchant, Bribe
Branch


You were on level 5 of the Dungeon.
You worshipped Gozag.
Gozag was aware of your devotion.
You visited 2 branches of the dungeon, and saw 6 of its levels.
You also visited: Sewer.

You collected 405 gold pieces.
You paid 53 gold pieces to Gozag.

Inventory:

Hand Weapons
 a - a +0 war axe (weapon)
 b - a +0 sling
Missiles
 A - a throwing net
Armour
 c - a +0 buckler (worn)
 f - a +0 chain mail
 r - a +0 scale mail (worn)
Jewellery
 k - an amulet of the acrobat (around neck)
 l - a ring of willpower (left hand)
 s - a ring of poison resistance (right hand)
Wands
 B - a wand of light (10)
Scrolls
 d - 2 scrolls of blinking {unknown}
 e - 2 scrolls of poison {unknown}
 g - 6 scrolls of identify {unknown}
 h - 3 scrolls of silence {unknown}
 i - a scroll of butterflies {unknown}
 j - a scroll of vulnerability {unknown}
 m - 3 scrolls of amnesia {unknown}
 n - a scroll of enchant weapon {unknown}
 o - a scroll of immolation {unknown}
 p - 4 scrolls of teleportation {unknown}
 q - a scroll of noise {unknown}
 w - a scroll of fear {unknown}
 x - 3 scrolls of enchant armour {unknown}
 y - a scroll of brand weapon {unknown}
Potions
 t - a potion of mutation {unknown}
 v - a potion of brilliance {unknown}
 z - 3 potions of curing {unknown}
 C - a potion of lignification


   Skills:
 - Level 3.2 Fighting
 + Level 9.5 Axes
 - Level 3.2 Armour
 - Level 4.0 Shields


You had 7 spell levels left.
You didn't know any spells.
Your spell library contained the following spells:

 Spells                   Type           Power      Damage    Failure   Level
 Apportation              Tloc           0%         N/A       78%         1
 Necrotise                Necr           0%         1d4       78%         1
 Sandblast                Erth           0%         2d4       78%         1
 Summon Small Mammal      Summ           0%         N/A       78%         1
 Passwall                 Tmut/Erth      0%         N/A       89%         2
 Call Canine Familiar     Summ           0%         N/A       98%         3
 Stone Arrow              Conj/Erth      0%         3d7       98%         3
 Summon Guardian Golem    Hex/Summ       0%         N/A       98%         3
 Vampiric Draining        Necr           0%         2d6       98%         3
 Agony                    Necr           0%         N/A       100%        5
 Alistair's Intoxication  Tmut/Pois      0%         N/A       100%        5


Dungeon Overview and Level Annotations

Branches:
Dungeon (5/15)             Temple (1/1) D:4           Sewer (visited)

Altars:
Ashenzari
Cheibriados
Dithmenos
Elyvilon
Fedhas
Gozag
Hepliaklqana
Kikubaaqudgha
Makhleb
Nemelex Xobeh
Okawaru
Sif Muna
Trog
Uskayaw
Vehumet
Wu Jian
Zin
The Shining One

Shops:
D:2 !   D:4 (

Annotations:
D:5 Pikel


Innate Abilities, Weirdness & Mutations

You cannot be hasted, slowed, berserked, paralysed or teleported.
You can dig through walls and to a lower floor.
You have a pair of large antennae on your head. (SInv)
Your four strong arms can wield two-handed weapons with a shield.


Message History

Pikel hits you but does no damage.
You are electrocuted!
* * * LOW HITPOINT WARNING * * *
The orc warrior shouts!
You slash Pikel!
Pikel is severely wounded.
An orc wizard comes into view. It is wielding a +0 dagger.
You block Pikel's attack.
The orc wizard shouts!
You hit Pikel.
Pikel is severely wounded.
Pikel hits you with a +0 whip of electrocution.
* * * LOW HITPOINT WARNING * * *
You are electrocuted!
* * * LOW HITPOINT WARNING * * *
Pikel attacks as you move away! You block Pikel's attack.
Pikel says, "I touched Geryon's horn once."
Pikel attacks as you move away! Pikel misses you.
Pikel is no longer unusually resistant.
Pikel attacks as you move away! Pikel completely misses you.
Pikel attacks as you move away! You block Pikel's attack.
Pikel attacks as you move away!
Pikel hits you with a +0 whip of electrocution.
* * * LOW HITPOINT WARNING * * *
Pikel attacks as you move away! Pikel barely misses you.
A jackal comes into view.
The jackal barks!
Found 5 gold pieces.
Pikel attacks as you move away! Pikel misses you.
The jackal stops to sniff the ground.
You block Pikel's attack. The jackal attacks as you move away!
You block the jackal's attack. Pikel attacks as you move away!
Pikel completely misses you.
Pikel cracks his whip.
Pikel attacks as you move away! Pikel closely misses you.
Pikel attacks as you move away!
Pikel hits you with a +0 whip of electrocution.
* * * LOW HITPOINT WARNING * * *
You are electrocuted!!
You die...
Your body crumbles into a pile of gold.

#.# ##{..###.# #.. #.#
##>####5#######.# ####.#
########[# #...........
.....### #......{.#
#..#######.# .###...#
#.######## #{{# #.# .#
#.#.# .# #..# #.# .#
#.#.####.# #{.# #.# ..
..#......##########..#
#.#
#.#######.......@K5h.oo.#
#.# .
#...<#############.# #.#
## #.#### #.# #.# # #.#
##.# #$. #..# ##. #.## .#
#.# .# #.# #.#


You could see Pikel, an orc warrior, a lemure, an orc wizard and a jackal.

Vanquished Creatures
  A water moccasin (Sewer)
  2 black bears
  A centaur (D:4)
  2 lemures (D:5)
  A phantom (D:4)
  A scorpion (D:4)
  A hound (D:3)
  3 orc priests
  A jelly (D:4)
  2 iguanas
  3 orc wizards
  Robin (D:2)
  8 gnolls
  4 adders
  A river rat (D:3)
  14 orcs
  11 ball pythons
  6 bats
  8 endoplasms
  3 giant cockroaches
  14 goblins
  10 hobgoblins
  5 jackals
  2 quokkas
  3 training dummies (D:4)
  2 frilled lizards (D:1)
  4 kobolds
  6 rats
120 creatures vanquished.

Notes
Turn   | Place    | Note
-------+----------+-------------------------------------------
     0 | D:1      | Grim the Formicid Fighter began the quest for the Orb.
     0 | D:1      | Reached XP level 1. HP: 18/18 MP: 1/1
   177 | D:1      | Reached XP level 2. HP: 24/24 MP: 2/2
   267 | D:1      | Noticed a shining eye
   270 | D:1      | Noticed a golden eye
   272 | D:1      | Found a faded altar of an unknown god.
   273 | D:1      | Noticed a great orb of eyes
   273 | D:1      | Noticed a floating eye
   285 | D:1      | Reached skill level 3 in Axes
   407 | D:1      | Reached XP level 3. HP: 25/29 MP: 3/3
   877 | D:2      | Noticed Robin
   996 | D:2      | Killed Robin
   997 | D:2      | Reached skill level 4 in Axes
   997 | D:2      | Reached XP level 4. HP: 34/35 MP: 4/4
  1524 | D:2      | Found Fecrank's Distillery.
  1571 | D:2      | Reached XP level 5. HP: 36/41 MP: 5/5
  1577 | D:2      | Reached skill level 5 in Axes
  1924 | D:3      | Reached XP level 6. HP: 18/47 MP: 6/6
  1939 | D:3      | Reached skill level 6 in Axes
  2314 | D:3      | Found a glowing drain.
  2319 | Sewer    | Entered a sewer
  2379 | Sewer    | Noticed a water moccasin
  2390 | Sewer    | Killed a water moccasin
  2391 | Sewer    | Reached skill level 7 in Axes
  2391 | Sewer    | Reached XP level 7. HP: 35/52 MP: 7/7
  2701 | D:3      | Found a sparkling altar of Nemelex Xobeh.
  3211 | D:4      | Found a staircase to the Ecumenical Temple.
  3227 | D:4      | Reached skill level 8 in Axes
  3246 | Temple   | Entered the Ecumenical Temple
  3316 | Temple   | Became a worshipper of Gozag Ym Sagoz the Greedy
  3768 | D:3      | Reached XP level 8. HP: 14/58 MP: 8/8
  3999 | D:4      | You fall into a shaft and drop 1 floor!
  3999 | D:5      | Entered Level 5 of the Dungeon
  4060 | D:4      | Reached skill level 9 in Axes
  4187 | D:4      | Found a bloodstained altar of Trog.
  4334 | D:4      | Found Ytaeczyo's Firing Range.
  5065 | D:5      | Noticed Pikel
  5121 | D:5      | Slain by Pikel

Illustrated notes

Levels and vault maps discovered:
D:1:      dpeg_arrival_morbid_curiosity, layout_loops_ring,
          hellmonk_ecumenical_altar_watching_god
D:2:      layout_basic, serial_shops, shop, uniq_robin
D:3:      layout_basic, mainiacjoe_overflow_tiny_flanked, portal_sewer_entry_e,
          serial_rivers, chequers_serial_rivers_micro_b,
          chequers_serial_rivers_small_b, chequers_serial_rivers_micro_e,
          chequers_serial_rivers_micro_a, chequers_serial_rivers_large_b
D:4:      layout_rooms, trog_ov_bears_minmay,
          minmay_temple_entry_drinking_statues, nicolae_shop_firing_range
D:5:      layout_loops_ring, uniq_pikel
Temple:   lightli_temple_of_artemis

Skill      XL: |  1  2  3  4  5  6  7  8 |
---------------+-------------------------+-----
Axes           | 3 4 5 7 8 9 |  9.5
Fighting       | |  3.2
Armour         | |  3.2
Shields        | |  4.0

Action                     |  1- 3 |  4- 6 |  7- 9 || total
---------------------------+-------+-------+-------++-------
  Melee: War axe           |    97 |   150 |   170 ||   417
   Fire: Sling             |       |       |    20 ||    20
Ability: Dig               |       |       |     2 ||     2
    Use: Potion            |       |     5 |     1 ||     6
 Armour: Scale mail        |    44 |    62 |    70 ||   176
         Skin              |       |    14 |       ||    14
  Dodge: Dodged            |    66 |    60 |    80 ||   206
  Block: Buckler           |    30 |    38 |    51 ||   119

Table legend: (Time is in decaauts)
 A = Elapsed time spent in this place.
 B = Non-inter-level travel time spent in this place.
 C = Inter-level travel time spent in this place.
 D = Time resting spent in this place.
 E = Time spent auto-exploring this place.
 F = Levels seen in this place.
 G = Mean time per level.
                   A        B        C        D        E       F      G
               +--------+--------+--------+--------+--------+-----+--------+
         Total |   5264 |   5118 |    146 |   1401 |   2354 |   7 |  752.0 |
       Dungeon |   4938 |   4809 |    129 |   1303 |   2274 |   5 |  987.6 |
        Temple |     87 |     70 |     17 |      0 |      2 |   1 |   87.0 |
         Sewer |    238 |    238 |      0 |     98 |     78 |   1 |  238.0 |
               +--------+--------+--------+--------+--------+-----+--------+

Top non-repeatable levels by time:
     D:3: 1802 daAuts
     D:4: 997 daAuts
     D:2: 980 daAuts
     D:1: 878 daAuts
     D:5: 280 daAuts
   Sewer: 238 daAuts
  Temple: 87 daAuts
